 Dungeon Crawl Stone Soup version 0.28.0-45-g0d030f2227 (webtiles) character file.

Game seed: 14560136242205817447

1464 nickcage the Magician (level 9, -11/65 HPs)
             Began as a Djinni Fire Elementalist on Apr 5, 2022.
             Mangled by Duvessa
             ... wielding a +0 long sword
              (13 damage)
             ... on level 4 of the Dungeon.
             The game lasted 00:21:13 (6225 turns).

nickcage the Magician (Djinni Fire Elementalist)    Turns: 6225, Time: 00:21:14

Health: -11/65     AC:  5    Str:  7    XL:     9   Next: 5%
Gold:   345        EV: 15    Int: 22    God:
                   SH:  0    Dex: 19

rFire   + + .      SeeInvis +   u - +0 dagger
rCold   x . .      Faith    .   (no shield)
rNeg    . . .      Spirit   .   r - +2 robe {Will+}
rPois   ∞          Reflect  .   (no helmet)
rElec   .          Harm     .   (no cloak)
rCorr   .          Rampage  .   h - +0 pair of gloves
Will    +....                   (boots unavailable)
Stlth   ++........              (no amulet)
HPRegen 0.20/turn               v - +6 ring of dexterity
MPRegen 0.00/turn               y - ring of see invisible

@: flying
A: sickness immunity, fire resistance 2, cold vulnerability 1, float, innate
caster, HP casting, extra vitality 1
a: no special abilities


You were on level 4 of the Dungeon.
You visited 1 branch of the dungeon, and saw 5 of its levels.

You collected 345 gold pieces.

Inventory:

Hand Weapons
 b - a +0 whip
 u - a +0 dagger (weapon)
Armour
 a - a +0 robe
 h - a +0 pair of gloves (worn)
 r - a +2 robe of willpower (worn)
 s - a +0 pair of boots
Magical Staves
 k - a staff of cold
Jewellery
 v - a +6 ring of dexterity (left hand)
 y - a ring of see invisible (right hand)
Scrolls
 c - a scroll of amnesia
 j - 2 scrolls of noise {unknown}
 n - a scroll of vulnerability {unknown}
 q - 4 scrolls of blinking {unknown}
 w - 2 scrolls of enchant armour {unknown}
 x - 2 scrolls of teleportation {unknown}
Potions
 d - 2 potions of invisibility {unknown}
 e - 3 potions of curing
 f - 3 potions of mutation
 l - 2 potions of resistance
 m - 2 potions of degeneration
 o - a potion of cancellation {unknown}
 p - a potion of lignification
 t - a potion of heal wounds {unknown}
 z - 2 potions of brilliance {unknown}


   Skills:
 * Level 5.5 Fighting
 - Level 0.1 Short Blades
 - Level 0.2 Axes
 - Level 0.1(0.2) Maces & Flails
 * Level 5.0 Dodging
 - Level 1.5 Stealth
 - Level 0.2 Shields
 - Level 6.4 Spellcasting


You couldn't memorise any spells.
You knew the following spells:

 Your Spells              Type           Power      Damage    Failure   Level
a - Foxfire               Conj/Fire      100%       2x1d9     1%          1
b - Scorch                Fire           70%        2d8       1%          2
c - Conjure Flame         Conj/Fire      35%        6-21      1%          3
d - Inner Flame           Hex/Fire       35%        N/A       1%          3
e - Flame Wave            Conj/Fire      35%        2d8       6%          4
f - Summon Small Mammal   Summ           100%       N/A       1%          1
g - Blink                 Tloc           70%        N/A       1%          2
h - Ensorcelled Hibernat  Hex/Ice        70%        N/A       1%          2
i - Dazzling Flash        Conj/Hex       70%        N/A       1%          3
Your spell library was empty.

Dungeon Overview and Level Annotations

Branches:
Dungeon (5/15)
 Temple: D:4-7

Altars:
Elyvilon
Fedhas
Gozag
Hepliaklqana
Nemelex Xobeh
Trog
Uskayaw
Xom

Annotations:
D:4 2 transporters, Duvessa; NinjaNoafa's ghost, novice HOFi
D:5 Prince Ribbit


Innate Abilities, Weirdness & Mutations

You are immune to sickness and miasma.
You are immune to poison.
Your flesh is very heat resistant. (rF++)
You are vulnerable to cold. (rC-)
You float through the air rather than walking.
You learn spells naturally, not from books.
Your magical power is your life essence.
You have superior vitality. (+4 MHP)


Message History

The puff of flame hits you. You resist.
Flames lash Dowan.
Dowan is heavily wounded.
Flames lash Duvessa.
Duvessa is lightly wounded.
Duvessa's fire resistance burns away.
Dowan hits you with a +0 dagger.
Flames lash Dowan.
Dowan is burned terribly!
Dowan is almost dead.
Duvessa barely misses you. Dowan hits you with a +0 dagger.
A scorpion comes into view.
Flames lash Dowan.
Dowan is burned terribly!
You kill Dowan!
Duvessa screams in rage.
Duvessa goes berserk!
Duvessa hits you with a +0 long sword. Duvessa hits you with a +0 long sword!
Your Dodging skill increases to level 5!
Duvessa is no longer more vulnerable to fire.
Duvessa hits you with a +0 long sword!
There is a stone staircase leading up here.
Duvessa barely misses you.
You fly upwards.
Level annotation: 2 transporters, NinjaNoafa's ghost, novice HOFi
There is a stone staircase leading down here.
Duvessa hits you with a +0 long sword!
* * * LOW HITPOINT WARNING * * *
Duvessa misses you. Duvessa barely misses you.
Casting: Scorch (safe; 1% risk of failure)
Confirm with . or Enter, or press ? or * to list all spells.
You blink.
* * * LOW HITPOINT WARNING * * *
You feel stable enough to blink again.
There is an open door here.
Duvessa rages.
Duvessa barely misses you. Duvessa hits you with a +0 long sword!
* * * LOW HITPOINT WARNING * * *
Unknown command.
Duvessa hits you with a +0 long sword!
You die...

## ######### #. ###
###.......# #. ##.##
##.#.#####.# #.
#...#######.#..#####.#######
#.
...........###.##..........#
###. #..>#####.##
#....##.#####.# #... ##.##
##.###.#####.# #.# #.#. #.#
##.#..e@....# #.# #)#. #.#
##...####### #.# #.## #.#
##.## #.# #.## ##.## #.#
####.###... #...# #.#
#.......### #...# ##'##
#.##.##.# ....# ##...##
#.##.##.# ##..# ##.....##
#.##.##.# #..## ##.......##
##.##.##.#


You could see Duvessa (berserk).

Vanquished Creatures
  Grinder (D:5)
  4 yaks
  A sky beast (D:4)
  An ice beast (D:5)
  An ogre (D:4)
  A water moccasin zombie (D:5)
  A scorpion (D:4)
  Dowan (D:5)
  A hound (D:4)
  An orc priest (D:4)
  An iguana (D:4)
  An orc wizard (D:4)
  3 gnolls
  3 adders
  An adder skeleton (D:5)
  A worm (D:4)
  2 dart slugs
  12 orcs
  4 ball pythons
  10 endoplasms
  A giant cockroach (D:3)
  5 hobgoblins
  9 kobolds
  3 quokkas
  8 bats
  4 frilled lizards
  9 goblins
  7 rats
97 creatures vanquished.

Vanquished Creatures (others)
  28 foxfires (D:1)
  3 toadstools (D:4)
31 creatures vanquished.

Grand Total: 128 creatures vanquished

Notes
Turn   | Place    | Note
-------+----------+-------------------------------------------
     0 | D:1      | nickcage the Djinni Fire Elementalist began the quest for
                  | the Orb.
     0 | D:1      | Reached XP level 1. HP: 15/15 MP: 0/0
    58 | D:1      | Reached skill level 1 in Fighting
   192 | D:1      | Reached XP level 2. HP: 19/22 MP: 0/0
   473 | D:1      | Found a faded altar of an unknown god.
   542 | D:1      | Reached XP level 3. HP: 17/28 MP: 0/0
   542 | D:1      | Learned a level 1 spell: Summon Small Mammal
  1710 | D:2      | Reached XP level 4. HP: 28/35 MP: 0/0
  1769 | D:2      | Found an opulent altar of Gozag.
  2142 | D:3      | You are sucked into a shaft and drop 1 floor!
  2757 | D:3      | Found a hide-covered altar of Uskayaw.
  2765 | D:3      | Found a shimmering altar of Xom.
  2766 | D:3      | Found a hazy altar of Hepliaklqana.
  2767 | D:3      | Found a white marble altar of Elyvilon.
  2768 | D:3      | Found a sparkling altar of Nemelex Xobeh.
  2769 | D:3      | Found a bloodstained altar of Trog.
  2770 | D:3      | Found a blossoming altar of Fedhas.
  3090 | D:3      | Reached skill level 3 in Spellcasting
  3356 | D:4      | Noticed a phantom
  3361 | D:4      | Noticed NinjaNoafa's ghost (novice HOFi)
  3518 | D:4      | Reached XP level 5. HP: 34/40 MP: 0/0
  3518 | D:4      | Learned a level 2 spell: Blink
  3632 | D:4      | Noticed a sky beast
  3651 | D:4      | Killed a sky beast
  3652 | D:4      | Reached skill level 4 in Spellcasting
  3652 | D:4      | Reached XP level 6. HP: 21/46 MP: 0/0
  3877 | D:4      | Found a transporter.
  3926 | D:4      | Noticed a yak
  3944 | D:4      | Noticed a yak
  3945 | D:4      | Killed a yak
  3946 | D:4      | Reached XP level 7. HP: 25/50 MP: 0/0
  3946 | D:4      | Learned a level 2 spell: Ensorcelled Hibernation
  4134 | D:4      | Noticed a yak
  4135 | D:4      | Noticed a yak
  4164 | D:3      | Killed a yak
  4165 | D:3      | Reached skill level 5 in Spellcasting
  4410 | D:4      | Killed a yak
  4413 | D:4      | Killed a yak
  4414 | D:4      | Reached skill level 6 in Spellcasting
  4414 | D:4      | Reached XP level 8. HP: 39/56 MP: 0/0
  4511 | D:4      | Found a transporter.
  5216 | D:5      | Entered Level 5 of the Dungeon
  5216 | D:5      | Noticed Dowan
  5216 | D:5      | Noticed Prince Ribbit
  5218 | D:5      | Noticed Duvessa
  5277 | D:5      | Noticed Grinder
  5293 | D:5      | Killed Grinder
  5443 | D:5      | Reached skill level 5 in Fighting
  6056 | D:4      | Reached XP level 9. HP: 40/65 MP: 0/0
  6056 | D:4      | Learned a level 3 spell: Dazzling Flash
  6206 | D:5      | Killed Dowan
  6207 | D:5      | Reached skill level 5 in Dodging
  6223 | D:4      | HP: 1/65 [Duvessa/+0 long sword (12)]
  6225 | D:4      | Mangled by Duvessa

Illustrated notes

Levels and vault maps discovered:
D:1:      dpeg_arrival_court, layout_basic,
          hellmonk_ecumenical_altar_heavens_door, kennysheep_nondescript
D:2:      layout_rooms, basic_altar, kennysheep_generic_room_7
D:3:      layout_loops_ring, minitemple
D:4:      layout_loops_corners, gammafunk_ghost_arena, minmay_gold_behind_fungi,
          kennysheep_generic_room_8
D:5:      layout_basic, uniq_duvessa, uniq_prince_ribbit1, uniq_grinder

Skill      XL: |  1  2  3  4  5  6  7  8  9 |
---------------+----------------------------+-----
Fighting       | 1 2 3 5 |  5.5
Spellcasting   | 3 4 6 |  6.4
Dodging        | 4 5 |  5.0
Short Blades   | |  0.1
Axes           | |  0.2
Maces & Flails | |  0.1
Stealth        | |  1.5
Shields        | |  0.2

Action                   |  1- 3 |  4- 6 |  7- 9 || total
-------------------------+-------+-------+-------++-------
Melee: Whip              |    12 |     1 |       ||    13
       Unarmed           |     1 |       |       ||     1
       Dagger            |       |       |     2 ||     2
 Cast: Foxfire           |    17 |       |       ||    17
       Scorch            |    26 |    55 |    59 ||   140
       Conjure Flame     |       |       |     2 ||     2
       Ensorcelled Hiber |       |       |     2 ||     2
       Summon Small Mamm |       |       |     1 ||     1
       Blink             |       |       |     1 ||     1
  Use: Scroll            |       |       |     7 ||     7
 Stab: Sleeping          |     2 |     1 |     1 ||     4
       Distracted        |       |       |     1 ||     1
Armor: Robe              |     4 |     4 |     5 ||    13
Dodge: Dodged            |     7 |     9 |    37 ||    53
